 Dungeon Crawl Stone Soup version 0.26.1-2-gb8aa6d0cf2 (webtiles) character file.

Game seed: 4644775885406501421

14352 nonceun the Severer (level 11, -1/133 HPs)
             Began as a Minotaur Berserker on Mar 15, 2021.
             Was a Priest of Trog.
             Slain by a yak (9 damage)
             ... on level 2 of the Lair of Beasts on Mar 16, 2021.
             The game lasted 01:04:01 (15480 turns).

nonceun the Severer (Minotaur Berserker)           Turns: 15480, Time: 01:04:02

Health: -1/133     AC: 13    Str: 24    XL:     11   Next: 87%
Magic:  10/10      EV: 12    Int:  6    God:    Trog [***...]
Gold:   193        SH:  9    Dex: 18    Spells: 10/10 levels left

rFire    + + .     SeeInvis .   a - +1 war axe
rCold    + . .     Faith    .   Q - +0 buckler
rNeg     + . .     Spirit   .   v - +3 leather armour {rF+}
rPois    .         Reflect  +   (helmet restricted)
rElec    .         Harm     .   M - +2 cloak {rCorr}
rCorr    +         Rampage  .   O - +0 pair of gloves
Will     .....     Rnd*Tele +   n - +0 pair of boots
Stlth    ..........             Y - amulet of reflection
HPRegen  0.32/turn              D - ring of Gomnuug {rF+ rC+ rN+ Int+2 Dex+4}
MPRegen  0.12/turn              P - ring "Hyzxuj" {Str+3 Dex+2 Stlth-}

@: berserking, very quick
A: retaliatory headbutt, horns 2, frail 1, teleportitis 1, weak 1, MP-powered
wands
a: Renounce Religion, Berserk, Trog's Hand


You were on level 2 of the Lair of Beasts.
You worshipped Trog.
Trog was most pleased with you.
You visited 3 branches of the dungeon, and saw 13 of its levels.
You also visited: Gauntlet.

You collected 1125 gold pieces.
You spent 932 gold pieces at shops.

Inventory:

Hand Weapons
 a - a +1 war axe (weapon)
 p - a +0 shortbow
 x - a +2 whip of flaming
Missiles
 d - 434 stones (quivered)
 H - 179 arrows
 U - 2 throwing nets
Armour
 k - a +2 ring mail of cold resistance
 n - a +0 pair of boots (worn)
 v - a +3 leather armour of fire resistance (worn)
 M - a +2 cloak of preservation (worn)
 O - a +0 pair of gloves (worn)
 Q - a +0 buckler (worn)
 V - a +0 ring mail of poison resistance
Jewellery
 D - the ring of Gomnuug (left hand) {rF+ rC+ rN+ Int+2 Dex+4}
   (You found it in a Gauntlet)

   [ring of positive energy]

   It affects your intelligence (+2).
   It affects your dexterity (+4).
   It protects you from fire.
   It protects you from cold.
   It protects you from negative energy.
 I - an uncursed ring of see invisible
 P - the ring "Hyzxuj" (right hand) {Str+3 Dex+2 Stlth-}
   (You found it on level 7 of the Dungeon)

   [ring of attention]

   It affects your strength (+3).
   It affects your dexterity (+2).
   It makes you less stealthy.
 Y - an amulet of reflection (around neck)
Wands
 r - a wand of random effects (15)
 Z - a wand of flame (20)
Scrolls
 f - 6 scrolls of teleportation
 g - 2 scrolls of fear
 q - 6 scrolls of amnesia {unknown}
 L - 2 scrolls of blinking
 N - 3 scrolls of magic mapping
 X - a scroll of acquirement {unknown}
Potions
 c - 2 potions of cancellation {unknown}
 i - 3 potions of curing
 j - 2 potions of brilliance {unknown}
 m - 3 potions of heal wounds
 o - a potion of invisibility {unknown}
 w - 3 potions of haste {unknown}
 A - a potion of ambrosia
 E - 2 potions of flight


   Skills:
 - Level 10.0 Fighting
 + Level 17.4 Axes
 - Level 0.5 Slings
 - Level 0.5 Crossbows
 - Level 10.0 Armour
 - Level 2.1 Dodging
 - Level 0.2 Conjurations
 - Level 0.2 Hexes
 - Level 0.2 Summonings
 - Level 0.2 Necromancy
 - Level 0.4 Translocations
 - Level 0.2 Transmutations
 - Level 0.2 Fire Magic
 - Level 0.2 Ice Magic
 - Level 0.2 Air Magic
 - Level 0.2 Earth Magic
 - Level 0.2 Poison Magic
 - Level 0.3 Invocations


You had 10 spell levels left.
You didn't know any spells.
Your spell library was empty.

Dungeon Overview and Level Annotations

Branches:
Dungeon (10/15)            Temple (1/1) D:5            Lair (2/6) D:10
Gauntlet (visited)
  Swamp: Lair:2-4    Shoals: Lair:2-4     Snake: Lair:2-4    Spider: Lair:2-4
    Orc: D:9-12

Altars:
Ashenzari
Cheibriados
Dithmenos
Elyvilon
Gozag
Okawaru
Qazlal
Ru
Vehumet
Yredelemnul
The Shining One

Shops:
D:3 *   D:6 *   D:9 *(   D:10 !**=


Innate Abilities, Weirdness & Mutations

You reflexively headbutt those who attack you in melee.
You have a pair of horns on your head.
You are frail. (-10% HP)
You are occasionally teleported next to monsters.
You are weak. (Str -2)
You expend magic power (3 MP) to strengthen your wands.


Message History

The catoblepas gores you!!
* * * LOW HITPOINT WARNING * * *
A red film seems to cover your vision as you go berserk!
You feel yourself moving faster!
You feel mighty! The catoblepas gores you!!
* * * LOW HITPOINT WARNING * * *
You hit the catoblepas.
The catoblepas is moderately wounded.
You slash the catoblepas! You headbutt the catoblepas!
The catoblepas is heavily wounded.
You slash the catoblepas! You headbutt the catoblepas!
The catoblepas is almost dead.
You slash the yak! You hit the catoblepas. You headbutt the catoblepas.
The catoblepas is almost dead.
You barely miss the yak. The catoblepas barely misses you.
You furiously retaliate!
You headbutt the catoblepas, but do no damage.
The yak is engulfed in calcifying dust.
The yak is moving more slowly.
The yak gores you!
You die...

#..... #...####...
##..#.##...P#P#.# #+##
#...............#.8..#
##^...........###....#
#.............#.......#
#....?........#.........#
......##....#............##
...... ##Yk##........#.....
#...Y....#†#@..###.8.# #...
...#.#...##YY.####...###...##
......... #....##.....# #...#
...#.# #<.8###..>..# #8.<#
.Y... #...##......###....
.....#.##..###.....##....#
.........#.#.8^#.#...#.
..#...#...##...#....##.
......#.............#..


You could see a catoblepas and a yak (petrifying).

Vanquished Creatures
  A minotaur (Gauntlet)
  A hydra (Lair:1)
  Harold (D:8)
  A two-headed ogre (D:9)
  A fire crab (Gauntlet)
  Pikel (D:4)
  Joseph (D:8)
  An ice statue (Gauntlet)
  2 rime drakes (Gauntlet)
  4 komodo dragons
  A queen bee (Gauntlet)
  2 centaur simulacra (Gauntlet)
  17 yaks
  4 fire bats (Gauntlet)
  A basilisk (Lair:1)
  Edmund (D:3)
  3 water moccasins
  An acid dragon (D:9)
  An orc warrior (D:6)
  2 sky beasts
  2 ice beasts
  3 phantoms
  5 ogres
  7 centaurs
  A lemure (D:4)
  8 bullfrogs
  2 scorpions
  6 killer bees
  4 wights
  7 howler monkeys
  3 hounds
  A quasit (D:7)
  A jelly (D:7)
  3 orc priests
  A wyvern simulacrum (Gauntlet)
  A bullfrog zombie (D:9)
  4 orc wizards
  A bullfrog skeleton (D:8)
  2 centaur skeletons
  Terence (D:3)
  An iguana (D:4)
  Natasha (thrice) (D:3)
  8 worker ants
  A killer bee zombie (D:9)
  A hound zombie (D:8)
  Robin (D:4)
  A worker ant zombie (D:5)
  10 adders
  A shadow imp (D:8)
  4 white imps
  5 ufetubi
  An ooze (D:2)
  2 adder skeletons
  A worm (D:3)
  6 dart slugs
  6 leopard geckos
  20 orcs
  2 bats (D:1)
  3 giant cockroaches
  13 goblins
  9 hobgoblins
  5 jackals
  4 quokkas
  2 ball pythons (D:6)
  5 frilled lizards
  A jackal skeleton (D:4)
  8 kobolds
  A quokka skeleton (D:7)
  3 rats
238 creatures vanquished.

Vanquished Creatures (others)
  4 fungi
  18 plants
  A withered plant (D:5)
23 creatures vanquished.

Grand Total: 261 creatures vanquished

Notes
Turn   | Place    | Note
-------+----------+-------------------------------------------
     0 | D:1      | nonceun the Minotaur Berserker began the quest for the Orb.
     0 | D:1      | Reached XP level 1. HP: 19/19 MP: 0/0
    52 | D:1      | Reached skill level 4 in Axes
   219 | D:1      | Reached XP level 2. HP: 26/26 MP: 1/1
   597 | D:1      | Reached skill level 5 in Axes
   823 | D:2      | Found a stormy altar of Qazlal.
   841 | D:2      | Reached XP level 3. HP: 31/31 MP: 2/2
   892 | D:2      | Found a sacrificial altar of Ru.
   897 | D:2      | Reached ** piety under Trog
  1138 | D:2      | Reached skill level 6 in Axes
  1138 | D:2      | Reached XP level 4. HP: 26/39 MP: 3/3
  2049 | D:3      | Found a white marble altar of Elyvilon.
  2272 | D:3      | Found an opulent altar of Gozag.
  2272 | D:3      | Noticed Terence
  2280 | D:3      | Killed Terence
  2281 | D:3      | Reached skill level 7 in Axes
  2281 | D:3      | Reached XP level 5. HP: 45/45 MP: 4/4
  2302 | D:3      | Found Gozag's Platinum Reserve.
  2579 | D:3      | Noticed Natasha
  2591 | D:3      | Killed Natasha
  2782 | D:3      | Noticed Natasha
  2789 | D:3      | Killed Natasha
  3070 | D:3      | Noticed Natasha
  3076 | D:3      | Killed Natasha
  3095 | D:4      | Noticed Edmund
  3097 | D:4      | Noticed an ogre
  3117 | D:3      | Killed Edmund
  3118 | D:3      | Reached skill level 8 in Axes
  3118 | D:3      | Reached XP level 6. HP: 49/51 MP: 5/5
  3223 | D:4      | Reached skill level 9 in Axes
  3387 | D:4      | Noticed Pikel
  3398 | D:4      | Killed Pikel
  3399 | D:4      | Reached skill level 11 in Axes
  3399 | D:4      | Reached XP level 7. HP: 36/57 MP: 6/6
  3684 | D:4      | Reached *** piety under Trog
  3708 | D:4      | Reached XP level 8. HP: 55/64 MP: 7/7
  3953 | D:4      | Found an iron altar of Okawaru.
  4148 | D:4      | Reached skill level 12 in Axes
  4273 | D:4      | Noticed Robin
  4289 | D:4      | Killed Robin
  4392 | D:4      | Found a shadowy altar of Dithmenos.
  4401 | D:4      | Found a radiant altar of Vehumet.
  4403 | D:4      | Found a snail-covered altar of Cheibriados.
  4515 | D:5      | Entered Level 5 of the Dungeon
  4518 | D:5      | Found a basalt altar of Yredelemnul.
  4701 | D:5      | Found a staircase to the Ecumenical Temple.
  4709 | Temple   | Entered the Ecumenical Temple
  4728 | D:5      | Found a broken altar of Ashenzari.
  5315 | D:5      | Reached skill level 13 in Axes
  5837 | D:6      | Found Usmacvuk's Assorted Antiques.
  5840 | D:6      | Bought a scroll labelled DATOIM WUTOACW for 28 gold pieces
  5840 | D:6      | Bought a notched opal ring for 140 gold pieces
  5840 | D:6      | Bought a scroll labelled SUTHAX VYORA for 28 gold pieces
  6039 | D:6      | Reached **** piety under Trog
  6056 | D:6      | Reached XP level 9. HP: 33/71 MP: 8/8
  6568 | D:6      | Reached skill level 14 in Axes
  7548 | D:7      | Got a shimmering silver ring
  7554 | D:7      | Identified the ring "Hyzxuj" {Str+3 Dex+2 Stlth-} (You
                  | found it on level 7 of the Dungeon)
  8036 | D:7      | Reached skill level 5 in Fighting
  8459 | D:7      | Found Feobavut's Jewellery Boutique.
  9134 | D:8      | Noticed Harold
  9145 | D:8      | Killed Harold
  9146 | D:8      | Reached skill level 15 in Axes
  9146 | D:8      | Reached skill level 5 in Armour
  9500 | D:8      | Reached XP level 10. HP: 83/83 MP: 9/9
  9606 | D:8      | Got a steaming hunting sling
  9607 | D:8      | Identified the cursed +1 hunting sling of Sumoo {venom,
                  | +Blink MP+9} (You found it on level 8 of the Dungeon)
  9665 | D:8      | Found a sacrificial altar of Ru.
  9683 | D:8      | Noticed Joseph
  9701 | D:8      | Killed Joseph
 10697 | D:9      | Found Beomegal's Island Escapes.
 10868 | D:9      | Found a glowing golden altar of the Shining One.
 11048 | D:9      | Found Oju Mebo's Weapon Shop.
 11168 | D:9      | Noticed a two-headed ogre
 11172 | D:9      | Killed a two-headed ogre
 11173 | D:9      | Reached skill level 16 in Axes
 11397 | D:10     | Entered Level 10 of the Dungeon
 11397 | D:10     | Found Veinutue's General Store.
 11413 | D:10     | Bought a potion of heal wounds for 80 gold pieces
 11413 | D:10     | Bought a scroll of teleportation for 48 gold pieces
 11413 | D:10     | Bought a +1 cloak of preservation for 264 gold pieces
 11413 | D:10     | Bought a potion of curing for 48 gold pieces
 11413 | D:10     | Bought a potion of curing for 48 gold pieces
 11452 | D:10     | Found a white marble altar of Elyvilon.
 11593 | D:10     | Found Tockosch's Assorted Antiques.
 11601 | D:10     | Bought a scroll of identify for 64 gold pieces
 11601 | D:10     | Bought a scroll of identify for 64 gold pieces
 11602 | D:10     | Bought a scroll labelled MIDIER ILAIFA for 32 gold pieces
 11671 | D:10     | Reached XP level 11. HP: 55/99 MP: 10/10
 11870 | D:10     | Found Midaodi's Jewellery Emporium.
 12082 | D:10     | Found Zeseutzo's Distillery.
 12083 | D:10     | Found a staircase to the Lair.
 12089 | D:10     | Bought a potion of mutation for 88 gold pieces
 12089 | D:10     | Gained mutation: You expend magic power (3 MP) to
                  | strengthen your wands. [potion of mutation]
 12089 | D:10     | Gained mutation: Your muscles are strong. (Str +2) [potion
                  | of mutation]
 12111 | Lair:1   | Entered Level 1 of the Lair of Beasts
 12111 | Lair:1   | Noticed a four-headed hydra
 12123 | Lair:1   | Killed a four-headed hydra
 12124 | Lair:1   | Reached skill level 10 in Fighting
 12136 | Lair:1   | Found a gate leading to a gauntlet.
 12161 | Gauntlet | Entered a Gauntlet
 12161 | Gauntlet | Found a transporter.
 12161 | Gauntlet | Found a transporter.
 12161 | Gauntlet | Found a transporter.
 12161 | Gauntlet | Found a transporter.
 12356 | Gauntlet | Found a transporter.
 12363 | Gauntlet | Noticed a fire crab
 12366 | Gauntlet | Found a transporter.
 12367 | Gauntlet | Found a transporter.
 12388 | Gauntlet | Found a transporter.
 12407 | Gauntlet | Found a transporter.
 12426 | Gauntlet | Found a transporter.
 12435 | Gauntlet | Found a transporter.
 13117 | Gauntlet | Lost mutation: You expend magic power (3 MP) to strengthen
                  | your wands. [potion of mutation]
 13117 | Gauntlet | Lost mutation: Your muscles are strong. (Str +2) [potion of
                  | mutation]
 13117 | Gauntlet | Gained mutation: You have a pair of large horns on your
                  | head. [potion of mutation]
 13117 | Gauntlet | Gained mutation: You are robust. (+10% HP) [potion of
                  | mutation]
 13118 | Gauntlet | Lost mutation: You have a pair of large horns on your head.
                  | [potion of mutation]
 13118 | Gauntlet | Lost mutation: You are robust. (+10% HP) [potion of
                  | mutation]
 13118 | Gauntlet | Gained mutation: You are clumsy. (Dex -2) [potion of
                  | mutation]
 13118 | Gauntlet | Gained mutation: You are very clumsy. (Dex -4) [potion of
                  | mutation]
 13118 | Gauntlet | Gained mutation: You expend magic power (3 MP) to
                  | strengthen your wands. [potion of mutation]
 13119 | Gauntlet | Lost mutation: You are very clumsy. (Dex -4) [potion of
                  | mutation]
 13119 | Gauntlet | Lost mutation: You expend magic power (3 MP) to strengthen
                  | your wands. [potion of mutation]
 13119 | Gauntlet | Lost mutation: You are clumsy. (Dex -2) [potion of
                  | mutation]
 13119 | Gauntlet | Gained mutation: You are weak. (Str -2) [potion of
                  | mutation]
 13119 | Gauntlet | Gained mutation: You are occasionally teleported next to
                  | monsters. [potion of mutation]
 13119 | Gauntlet | Gained mutation: You are frail. (-10% HP) [potion of
                  | mutation]
 13119 | Gauntlet | Gained mutation: You expend magic power (3 MP) to
                  | strengthen your wands. [potion of mutation]
 13334 | Gauntlet | Reached skill level 10 in Armour
 13564 | Gauntlet | Killed a fire crab
 13793 | Gauntlet | Noticed a wizard
 13799 | Gauntlet | Noticed a wizard
 13800 | Gauntlet | Found a transporter.
 13832 | Gauntlet | Noticed a minotaur
 13844 | Gauntlet | Killed a minotaur
 13849 | Gauntlet | Got a faintly glowing brass ring
 14032 | Gauntlet | Identified the ring of Gomnuug {rF+ rC+ rN+ Int+2 Dex+4}
                  | (You found it in a Gauntlet)
 14755 | Lair:2   | Reached skill level 17 in Axes
 15054 | Lair:2   | HP: 4/89 [komodo dragon (19)]
 15460 | Lair:2   | Noticed a catoblepas
 15480 | Lair:2   | Slain by a yak

Illustrated notes

Levels and vault maps discovered:
D:1:      scummos_arrival_simple_crosswalls, layout_rooms
D:2:      layout_basic, nicolae_qazlal_general_emergency, hangedman_ru_absence
D:3:      layout_basic, old_standard_altar, nicolae_gozag_zags_fifth_avenue,
          st_stairs_6, uniq_natasha, uniq_terence
D:4:      minmay_polygon_palace, layout_cave_pools, overflow_temple_1_default,
          grunt_temple_overflow_diamond, uniq_robin, uniq_edmund, uniq_pikel
D:5:      layout_cave_pods, yredelemnul_altar_generic, kennysheep_little_box,
          minmay_temple_entry_purple_smoke
D:6:      layout_basic, serial_shops, nicolae_shop_behind_doors,
          grunt_ministairs_15
D:7:      layout_layer_cave, serial_shops, kennysheep_mini_moat
D:8:      layout_loops_corners, nicolae_overflow_crystal_walls, uniq_joseph,
          uniq_harold
D:9:      layout_basic, nicolae_tso_swordbearing_angel, serial_shops,
          nicolae_shop_crystal, minmay_misc_feat_more_columns,
          nicolae_island_escapes
D:10:     layout_loops_corners, lair_entry_dummy, serial_shops, shop_statue,
          nicolae_shop_competitors_out_of_business, shop, shop_fountains,
          nicolae_shop_statue_plus, elyvilon_altar_1
Temple:   grunt_temple_mini_profane
Lair:1:   layout_roguey, gauntlet_entry_generic, grunt_megastairs_3,
          lemuel_fruit_tree, infiniplex_staircase_pool_2
Lair:2:   layout_misc_corridors, grunt_megastairs_5, serial_bayou_shore_a

Skill      XL: |  1  2  3  4  5  6  7  8  9 10 11 |
---------------+----------------------------------+-----
Axes           | 4 5 6 7 8 11 13 15 16 17 | 17.4
Fighting       | 4 6 9 10 | 10.0
Armour         | 5 7 10 | 10.0
Slings         | |  0.5
Crossbows      | |  0.5
Dodging        | |  2.1
Conjurations   | |  0.2
Hexes          | |  0.2
Summonings     | |  0.2
Necromancy     | |  0.2
Translocations | |  0.4
Transmutations | |  0.2
Fire Magic     | |  0.2
Ice Magic      | |  0.2
Air Magic      | |  0.2
Earth Magic    | |  0.2
Poison Magic   | |  0.2
Invocations    | |  0.3

Action                   |  1- 3 |  4- 6 |  7- 9 | 10-12 || total
-------------------------+-------+-------+-------+-------++-------
Melee: Hand axe          |    61 |    94 |   196 |       ||   351
       Headbutt          |    10 |    18 |    54 |   121 ||   203
       War axe           |       |       |   108 |   318 ||   426
       Whip              |       |       |       |    28 ||    28
Throw: Dart              |       |       |     2 |       ||     2
       Stone             |       |       |     4 |       ||     4
Invok: Berserk           |       |     3 |     8 |     7 ||    18
       Trog's Hand       |       |       |       |     1 ||     1
  Use: Scroll            |       |       |     2 |    15 ||    17
       Potion            |       |       |       |     4 ||     4
 Stab: Sleeping          |     1 |       |       |       ||     1
Armor: Animal skin       |     7 |     1 |       |       ||     8
       Chain mail        |       |     9 |       |       ||     9
       Leather armour    |       |     3 |    69 |    56 ||   128
       Ring mail         |       |       |       |     9 ||     9
Dodge: Dodged            |    37 |    27 |   100 |    78 ||   242
Block: Buckler           |       |     6 |    26 |    66 ||    98
       Reflection        |       |       |       |     3 ||     3
